 Dungeon Crawl Stone Soup version 0.19.1-1-g22dce08 (webtiles) character file.

107 MoonSiiper the Poker (level 4, -2/34 HPs)
             Began as a Demonspawn Gladiator on Jan 16, 2017.
             Slain by an orc wizard
             ... wielding a +0 dagger
              (3 damage)
             ... on level 4 of the Dungeon.
             The game lasted 00:26:01 (2271 turns).

MoonSiiper the Poker (Demonspawn Gladiator)         Turns: 2271, Time: 00:26:02

Health: -2/34      AC:  3    Str: 17    XL:     4   Next: 56%
Magic:  4/4        EV: 13    Int:  9    God:
Gold:   148        SH:  0    Dex: 13    Spells: 0 memorised, 3 levels left

rFire  + . .     SeeInvis .     a - +0 trident
rCold  . . .     Gourm    .     b - +0 leather armour
rNeg   . . .     Faith    .     (no shield)
rPois  .         Spirit   .     (helmet restricted)
rElec  .         Reflect  .     (no cloak)
rCorr  .         Harm     .     (no gloves)
MR     .....                    (no boots)
Stlth  +.........               (no amulet)
                                (no ring)
                                x - ring of protection from fire

@: no status effects
A: horns 1, demonic guardian 1, sturdy frame 1
a: no special abilities


You were on level 4 of the Dungeon.
You were not hungry.

You visited 1 branch of the dungeon, and saw 4 of its levels.

You collected 148 gold pieces.

Inventory:

Hand Weapons
 a - a +0 trident (weapon)
 j - a +0 short sword
 l - a cursed -2 spear
 m - a +0 club
 y - a +0 whip
 E - a +2 vampiric dagger
Missiles
 d - 2 throwing nets
 g - 84 arrows
 h - 77 stones (quivered)
 D - 34 sling bullets
Armour
 b - a +0 leather armour (worn)
 c - a +0 helmet
 i - a +0 scale mail
 k - a +0 leather armour
 o - a +0 leather armour
 p - a +0 ring mail
 q - a +0 robe
Jewellery
 e - a cursed -3 ring of evasion {unknown}
 x - a ring of protection from fire (left hand)
 C - an uncursed ring of fire {unknown}
 H - an uncursed ring of magical power {unknown}
Scrolls
 t - 3 scrolls of teleportation {unknown}
 u - 2 scrolls of enchant weapon {unknown}
 B - a scroll of magic mapping {unknown}
 F - 3 scrolls of identify {unknown}
Potions
 n - a potion of haste {unknown}
 w - 3 potions of brilliance {unknown}
 z - a potion of degeneration {unknown}
 A - a potion of heal wounds {unknown}
 G - 2 potions of curing {unknown}
Comestibles
 f - 2 bread rations
 r - 2 fruits
 s - 3 beef jerkies


   Skills:
 * Level 2.8 Fighting
 + Level 3.5 Polearms
 + Level 2.0 Throwing
 + Level 1.0 Armour
 + Level 3.3 Dodging
 + Level 0.2 Stealth


You had 3 spell levels left.
You didn't know any spells.

Dungeon Overview and Level Annotations

Branches:
Dungeon (4/15)
 Temple: D:4-7

Altars:


Innate Abilities, Weirdness & Mutations

You have a pair of small horns on your head.
A weak demonic guardian rushes to your aid.
Your movements are slightly less encumbered by armour. (ER -2)


Message History

Attack whom?
Press: ? - help, Dir - move target cursor, f - adder skeleton, p - orc priest
Aim: an adder skeleton (severely damaged)
Okay, then.
There are no items here.
You hit the adder skeleton. You headbutt the adder skeleton.
You destroy the adder skeleton!
The orc priest calls down the wrath of Beogh upon you.
Beogh smites you!
* * * LOW HITPOINT WARNING * * *
You hear some strange, mumbled words.
A puff of flame appears from out of thin air!
The puff of flame hits you! You resist.
* * * LOW HITPOINT WARNING * * *
There are no items here.
You aren't carrying or standing over any spellbooks.
As you read the scroll labeled LYFOJOIT VUXO, it crumbles to dust.
It is a scroll of amnesia.
You feel forgetful for a moment. Something hits you.
You die...

#.......#
####.#######
####.........
#..........##
######.##........#
#............#...#
#.###..#..........
#5#...............
#@#.#..........###
#{#.#.......####
#oo....###.##
.(o...#......
.#.#.#.#. ....
#.#.#.# # # #...#
#(. # #..


You could see an orc priest, 2 orcs and a friendly iron imp.

Vanquished Creatures
  2 adders
  An adder skeleton (D:4)
  A dart slug (D:3)
  A worm (D:2)
  A leopard gecko (D:2)
  A ball python (D:2)
  10 bats
  3 giant cockroaches
  3 goblins
  2 hobgoblins
  3 jackals (D:3)
  12 kobolds
  4 quokkas
  5 frilled lizards
  8 rats
57 creatures vanquished.

Vanquished Creatures (collateral kills)
  A hound (D:4)
1 creature vanquished.

Grand Total: 58 creatures vanquished

Notes
Turn   | Place    | Note
-------+----------+-------------------------------------------
     0 | D:1      | MoonSiiper the Demonspawn Gladiator began the quest for the Orb.
     0 | D:1      | Reached XP level 1. HP: 16/16 MP: 1/1
   242 | D:1      | Gained mutation: Your movements are slightly less encumbered by armour. (ER -2) [demonic ancestry]
   242 | D:1      | Reached XP level 2. HP: 22/22 MP: 2/2
  1174 | D:2      | Gained mutation: A weak demonic guardian rushes to your aid. [demonic ancestry]
  1174 | D:2      | Reached XP level 3. HP: 24/28 MP: 3/3
  1664 | D:2      | Found a faded altar of an unknown god.
  1974 | D:3      | Gained mutation: You have a pair of small horns on your head. [demonic ancestry]
  1974 | D:3      | Reached XP level 4. HP: 30/34 MP: 4/4
  2179 | D:4      | Reached skill level 1 in Armour
  2270 | D:4      | HP: 1/34 [something/puff of flame (2)]
  2271 | D:4      | Slain by an orc wizard

Skill      XL: |  1  2  3  4 |
---------------+-------------+-----
Throwing       | 2 |  2.0
Dodging        | 3 |  3.3
Polearms       | 3 |  3.5
Armour         | 1 |  1.0
Fighting       | |  2.8
Stealth        | |  0.2

Action                   |  1- 3 |  4- 6 || total
-------------------------+-------+-------++-------
Melee: Trident           |   179 |    19 ||   198
       Headbutt          |       |     4 ||     4
Throw: Throwing net      |     1 |       ||     1
       Stone             |    14 |     5 ||    19
  Use: Scroll            |       |     2 ||     2
  Eat: Bread ration      |     1 |       ||     1
       Fruit             |     1 |       ||     1
Armor: Leather armour    |    17 |     5 ||    22
       Scale mail        |   137 |     1 ||   138
Dodge: Dodged            |   193 |    20 ||   213
